 Dungeon Crawl Stone Soup version 0.29-a0-323-g050149af67 (webtiles) character file.

Game seed: 132769912414435661

132 Alarak the Skirmisher (level 5, -1/48 HPs)
             Began as a Hill Orc Monk on Apr 11, 2022.
             Slain by a gnoll
             ... wielding a +0 halberd
              (7 damage)
             ... on level 4 of the Dungeon.
             The game lasted 00:07:11 (3662 turns).

Alarak the Skirmisher (Hill Orc Monk)               Turns: 3662, Time: 00:07:12

Health: -1/48      AC:  9    Str: 16    XL:     5   Next: 15%
Magic:  5/5        EV:  7    Int: 10    God:
Gold:   120        SH:  0    Dex: 13    Spells: 4/4 levels left

rFire   . . .      SeeInvis .   a - +1 hand axe
rCold   . . .      Faith    .   (no shield)
rNeg    . . .      Spirit   .   j - +1 chain mail
rPois   .          Reflect  .   (no helmet)
rElec   .          Harm     .   (no cloak)
rCorr   .          Rampage  .   (no gloves)
Will    .....                   (no boots)
Stlth   ..........              (no amulet)
HPRegen 0.16/turn               (no ring)
MPRegen 0.09/turn               (no ring)

@: no status effects
A: no striking features
a: no special abilities


You were on level 4 of the Dungeon.
You visited 1 branch of the dungeon, and saw 4 of its levels.

You collected 120 gold pieces.

Inventory:

Hand Weapons
 a - a +1 hand axe (weapon)
Armour
 b - a +0 robe
 j - a +1 chain mail (worn)
Scrolls
 f - 2 scrolls of teleportation
 h - a scroll of amnesia
 i - a scroll of identify
 l - a scroll of fear {unknown}
Potions
 c - a potion of ambrosia
 d - a potion of degeneration
 e - 2 potions of haste {unknown}
 g - 3 potions of curing
 k - a potion of attraction {unknown}


   Skills:
 - Level 5.4 Fighting
 + Level 5.3 Axes
 - Level 2.1 Armour
 - Level 2.4 Dodging
 - Level 1.5 Stealth


You had 4 spell levels left.
You didn't know any spells.
Your spell library contained the following spells:

 Spells                   Type           Power      Damage    Failure   Level
 Foxfire                  Conj/Fire      0%         2x1d4     100%        1
 Conjure Flame            Conj/Fire      0%         6-21      100%        3
 Inner Flame              Hex/Fire       0%         N/A       100%        3
 Flame Wave               Conj/Fire      0%         2d4       100%        4


Dungeon Overview and Level Annotations

Branches:
Dungeon (4/15)
 Temple: D:4-7

Altars:

Shops:
D:1 (

Annotations:
D:3 1 runed translucent door, PeterMcNeter's ghost, amateur DsFi


Message History

You are too injured to fight recklessly!
You are too injured to fight recklessly!
You are too injured to fight recklessly!
You are too injured to fight recklessly!
You are too injured to fight recklessly!
You are too injured to fight recklessly!
You are too injured to fight recklessly!
You are too injured to fight recklessly!
You are too injured to fight recklessly!
You are too injured to fight recklessly!
You are too injured to fight recklessly!
You are too injured to fight recklessly!
You are too injured to fight recklessly!
You are too injured to fight recklessly!
You are too injured to fight recklessly!
You are too injured to fight recklessly!
You are too injured to fight recklessly!
You are too injured to fight recklessly!
You are too injured to fight recklessly!
You are too injured to fight recklessly!
You are too injured to fight recklessly!
You are too injured to fight recklessly!
You are too injured to fight recklessly!
You are too injured to fight recklessly!
You are too injured to fight recklessly!
You slash the gnoll!
The gnoll is heavily wounded.
The gnoll hits you with a +0 halberd!
* * * LOW HITPOINT WARNING * * *
You hit the gnoll.
The gnoll is heavily wounded.
The gnoll hits you with a +0 halberd.
* * * LOW HITPOINT WARNING * * *
You barely miss the gnoll.
The gnoll is heavily wounded.
The gnoll hits you but does no damage.
You closely miss the gnoll.
The gnoll is heavily wounded.
The gnoll hits you with a +0 halberd!
You die...

#.... #.... ###
#.... ..#
#...###.#
#.....#.#
.##.....#.#
......g.#.# #
.......@#(##.#.##
.....:..†........
..!....)#<##...##
###.....### ..#
#.....# .#
#.....# # #.....#
#######


You could see a gnoll.

Vanquished Creatures
  A hound (D:4)
  3 gnolls
  An adder (D:3)
  2 dart slugs (D:2)
  3 orcs (D:3)
  7 ball pythons
  6 endoplasms
  A giant cockroach (D:2)
  5 goblins
  7 hobgoblins
  2 kobolds (D:2)
  2 quokkas (D:1)
  5 bats
  2 frilled lizards
  7 rats
54 creatures vanquished.

Vanquished Creatures (others)
  2 withered plants (D:3)
2 creatures vanquished.

Grand Total: 56 creatures vanquished

Notes
Turn   | Place    | Note
-------+----------+-------------------------------------------
     0 | D:1      | Alarak the Hill Orc Monk began the quest for the Orb.
     0 | D:1      | Reached XP level 1. HP: 19/19 MP: 1/1
   388 | D:1      | Reached XP level 2. HP: 19/27 MP: 2/2
   767 | D:1      | Found Feplaeb's Weapon Shoppe.
  1144 | D:1      | Reached skill level 5 in Fighting
  1144 | D:1      | Reached XP level 3. HP: 8/36 MP: 3/3
  2181 | D:2      | Found a faded altar of an unknown god.
  2860 | D:3      | Reached skill level 1 in Armour
  2860 | D:3      | Reached XP level 4. HP: 42/42 MP: 4/4
  3049 | D:3      | Found a runed translucent door.
  3051 | D:3      | Noticed PeterMcNeter's ghost (amateur DsFi)
  3450 | D:4      | Reached skill level 5 in Axes
  3454 | D:4      | Reached XP level 5. HP: 23/48 MP: 5/5
  3662 | D:4      | Slain by a gnoll

Illustrated notes

Levels and vault maps discovered:
D:1:      scummos_arrival_gate, layout_loops_corners, serial_shops,
          nicolae_shop_bloodbath_and_beyond, st_stairs_4
D:2:      layout_loops_ring, ebering_ecumenical_altar_box
D:3:      layout_basic, gammafunk_ghost_grave, eino_tiny_chamber
D:4:      layout_basic, kennysheep_generic_room_10

Skill      XL: |  1  2  3  4 |
---------------+-------------+-----
Fighting       | 4 5 |  5.4
Armour         | 1 2 |  2.1
Axes           | 5 |  5.3
Dodging        | |  2.4
Stealth        | |  1.5

Action                   |  1- 3 |  4- 6 || total
-------------------------+-------+-------++-------
Melee: Hand axe          |   121 |    55 ||   176
       Punch             |     1 |     1 ||     2
  Use: Scroll            |     7 |       ||     7
 Stab: Sleeping          |     3 |       ||     3
Armor: Robe              |    11 |       ||    11
       Chain mail        |    34 |    43 ||    77
Dodge: Dodged            |    59 |    24 ||    83

Table legend: (Time is in decaauts)
 A = Elapsed time spent in this place.
 B = Non-inter-level travel time spent in this place.
 C = Inter-level travel time spent in this place.
 D = Time resting spent in this place.
 E = Time spent auto-exploring this place.
 F = Levels seen in this place.
 G = Mean time per level.
                   A        B        C        D        E       F      G
               +--------+--------+--------+--------+--------+-----+--------+
         Total |   3676 |   3517 |    159 |    811 |   2301 |   4 |  919.0 |
       Dungeon |   3676 |   3517 |    159 |    811 |   2301 |   4 |  919.0 |
               +--------+--------+--------+--------+--------+-----+--------+

Top non-repeatable levels by time:
     D:1: 1582 daAuts
     D:2: 1082 daAuts
     D:3: 942 daAuts
     D:4: 68 daAuts
